 Dungeon Crawl Stone Soup version 0.25-a0-306-g3faca94 (webtiles) character file.

Game seed: 5397598413174168934, levelgen mode: deterministic

5 sighowe the Vexing (level 1, -1/7 HPs)
             Began as a Felid Enchanter on Dec 20, 2019.
             Slain by a goblin
             ... wielding a +0 club
              (2 damage)
             ... on level 1 of the Dungeon.
             The game lasted 00:00:32 (159 turns).

sighowe the Vexing (Felid Enchanter)                 Turns: 159, Time: 00:00:33

Health: -1/7       AC:  1    Str:  4    XL:     1   Next: 66%
Magic:  2/4        EV: 18    Int: 16    God:
Gold:   3          SH:  0    Dex: 16    Spells: 3/4 levels left
                                        Lives:  0   Deaths: 0

rFire    . . .     SeeInvis +     - Unarmed
rCold    . . .     Gourm    .   (shield unavailable)
rNeg     . . .     Faith    .   (armour unavailable)
rPois    .         Spirit   .   (helmet unavailable)
rElec    .         Reflect  .   (cloak unavailable)
rCorr    .         Harm     .   (gloves unavailable)
MR       .....                  (boots unavailable)
Stlth    +++.......             (no amulet)
HPRegen  0.02/turn              (no ring)
MPRegen  0.09/turn              (no ring)

@: quick
A: very small, no armour, no weapons or thrown items, stealth, claws 1, fangs 3,
see invisible, carnivore, speed 1, shaggy fur 1, slow metabolism 1, sharp paws
a: no special abilities


You were on level 1 of the Dungeon.
You were not hungry.

You visited 1 branch of the dungeon, and saw 1 of its levels.

You collected 3 gold pieces.

Inventory:

Scrolls
 a - a scroll of remove curse {unknown}
Comestibles
 b - a ration


   Skills:
 + Level 2.7 Dodging
 + Level 4.3 Stealth
 + Level 1.0 Unarmed Combat
 + Level 2.1 Spellcasting
 + Level 4.5 Hexes


You had 3 spell levels left.
You knew the following spells:

 Your Spells              Type           Power        Failure   Level  Hunger
a - Corona                Hex            ###....      3%          1    #......

Your spell library contained the following spells:

 Spells                   Type           Power        Failure   Level  Hunger
 Confuse                  Hex            ###.....     10%         3    ###....
 Tukima's Dance           Hex            ###.....     10%         3    ###....
 Ensorcelled Hibernation  Hex/Ice        #.....       12%         2    ###....
 Dazzling Flash           Conj/Hex       #.....       24%         3    ###....


Dungeon Overview and Level Annotations

Branches:
Dungeon (1/15)

Altars:


Innate Abilities, Weirdness & Mutations

You cannot wear armour.
You are incapable of wielding weapons or throwing items.
Your paws allow you to move quietly. (Stealth)
You have sharp claws.
You have razor-sharp teeth.
You have supernaturally acute eyesight. (SInv)
You are carnivorous and can eat meat at any time.
You cover ground quickly.
You are covered in fur. (AC +1)
You have a slow metabolism.
Your sharp claws are effective at attacking unaware monsters.


Message History

The goblin misses you.
You barely miss the goblin. The goblin completely misses you.
You scratch the goblin.
The goblin is severely wounded.
The goblin hits you with a +0 club.
Ouch! That really hurt!
* * * LOW HITPOINT WARNING * * *
The goblin completely misses you.
You closely miss the goblin.
The goblin is severely wounded.
The goblin closely misses you. x2
The goblin stops glowing.
The goblin closely misses you.
You scratch the goblin.
You kill the goblin!
The goblin closely misses you.
You see here a +0 club.
You scratch the goblin.
The goblin is moderately wounded.
The goblin hits you with a +0 club.
You die...

#.....# #.....+
#.....# #.....# .
#.....# ...
#.....####..#
#......†....#
###.@g.)......#
#...............
#.######......## ##.#
#####?... #..##### ...
#......###########
#......##(.......####
#......'.########...##
#......###......####.#


You could see a goblin.

Vanquished Creatures
  2 goblins (D:1)
  A hobgoblin (D:1)
  A frilled lizard (D:1)
  A rat (D:1)
5 creatures vanquished.

Notes
Turn   | Place    | Note
-------+----------+-------------------------------------------
     0 | D:1      | sighowe the Felid Enchanter began the quest for the Orb.
     0 | D:1      | Reached XP level 1. HP: 7/7 MP: 4/4
   159 | D:1      | Slain by a goblin

Levels and vault maps discovered:
D:1:      dpeg_arrival_solitude, layout_basic, roderic_roman_lattice

Action                   || total
-------------------------++-------
Melee: Unarmed           ||    18
       Bite              ||     2
 Cast: Corona            ||     6
Armor: Skin              ||     2
Dodge: Dodged            ||    14

Table legend:
 A = Non-vault XP
 B = Vault XP
 C = Vault XP percentage of total XP
 D = Non-vault monster count
 E = Vault monster count
 F = Vault count percentage of total count
                 A         B        C        D         E       F
            +---------+---------+-------+---------+---------+-------
      Total |       8 |       0 |   0.0 |       5 |       0 |   0.0
            +---------+---------+-------+---------+---------+-------
        D:1 |       8 |       0 |   0.0 |       5 |       0 |   0.0
            +---------+---------+-------+---------+---------+-------
